 Dungeon Crawl Stone Soup version 0.22-a0-482-g76e0a5f (webtiles) character file.

107 Kingkept the Gusty (level 4, -7/26 HPs)
             Began as a Tengu Air Elementalist on June 17, 2018.
             Was an Initiate of Okawaru.
             Mangled by a gnoll
             ... wielding a +0 halberd
              (11 damage)
             ... on level 3 of the Dungeon.
             The game lasted 00:10:19 (2628 turns).

Kingkept the Gusty (Tengu Air Elementalist)         Turns: 2628, Time: 00:10:20

Health: -7/26      AC:  5    Str:  9    XL:     4   Next: 86%
Magic:  8/8        EV: 11    Int: 15    God:    Okawaru [......]
Gold:   83         SH:  0    Dex: 15    Spells: 6/7 levels left

rFire    . . .     SeeInvis .   f - +0 club
rCold    . . .     Gourm    .   (no shield)
rNeg     . . .     Faith    .   h - +0 ring mail
rPois    .         Spirit   .   (helmet restricted)
rElec    .         Reflect  .   b - scarf {repulsion}
rCorr    .         Harm     .   (no gloves)
MR       .....                  (boots unavailable)
Stlth    +.........             (no amulet)
HPRegen  0.08/turn              (no ring)
MPRegen  0.11/turn              (no ring)

@: about to teleport, repel missiles
A: beak, talons 3
a: Renounce Religion


You were on level 3 of the Dungeon.
You worshipped Okawaru.
Okawaru was noncommittal.
You were not hungry.

You visited 1 branch of the dungeon, and saw 3 of its levels.

You collected 83 gold pieces.

Inventory:

Hand Weapons
 f - a +0 club (weapon)
Armour
 b - a scarf of repulsion (worn)
 h - a +0 ring mail (worn)
Scrolls
 i - a scroll of blinking {unknown}
 j - 3 scrolls of identify {unknown}
Potions
 e - a potion of curing {unknown}
 l - a potion of mutation {unknown}
Comestibles
 c - 8 rations
 k - a chunk of flesh


   Skills:
 + Level 2.1 Fighting
 + Level 0.4 Maces & Flails
 + Level 2.4 Armour
 + Level 3.4 Dodging
 - Level 2.0 Stealth
 - Level 2.0 Spellcasting
 - Level 1.3 Conjurations
 - Level 4.0 Air Magic
 + Level 0.6 Invocations


You had 6 spell levels left.
You knew the following spells:

 Your Spells              Type           Power        Failure   Level  Hunger
a - Shock                 Conj/Air       #...         21%         1    #......

Your spell library contained the following spells:

 Spells                   Type           Power        Failure   Level  Hunger
 Lightning Bolt           Conj/Air       #.........   99%         5    ######.
 Swiftness                Chrm/Air       #.......     36%         2    ###....
 Airstrike                Air            ##........   75%         4    #####..
 Static Discharge         Conj/Air       #.......     52%         3    ###....


Dungeon Overview and Level Annotations

Branches:
Dungeon (3/15)

Altars:
Okawaru


Innate Abilities, Weirdness & Mutations

You have a beak for a mouth.
You have claws for feet.


Message History

The jackal barely misses you.
The jackal bites you but does no damage.
You hit the jackal but do no damage.
The jackal is almost dead.
The jackal bites you but does no damage.
The gnoll closely misses you.
The jackal bites you but does no damage.
You hit the jackal.
You kill the jackal!
Okawaru accepts your kill.
The gnoll hits you from afar with a halberd!
* * * LOW HITPOINT WARNING * * *
The jackal bites you.
* * * LOW HITPOINT WARNING * * *
As you read the scroll of teleportation, it crumbles to dust.
You feel strangely unstable. The jackal closely misses you.
The gnoll hits you but does no damage.
The jackal bites you but does no damage.
The gnoll hits you from afar with a halberd!
You die...

.............# #...........
...........#.# #.####.#####
..........##.# #.#...).....
#........###.# #.#.........
#......## #.# #.#...####..
#.....(####.###.#.........
#.........g†...#.#..####..g
#######.g###.#.#.#.......g.
.........@..# #.#.#######)
#######.h##.# #.#........<
##'# +# #.########## ..[
#........... #....
############ #..... +......
#....$.. #.......#


You could see a gnoll and a jackal.

Vanquished Creatures
  A gnoll (D:3)
  5 adders
  An ooze (D:1)
  2 worms
  2 dart slugs
  A leopard gecko (D:2)
  An orc (D:3)
  5 bats
  A giant cockroach (D:3)
  6 goblins
  2 hobgoblins
  5 jackals
  A quokka (D:2)
  A frilled lizard (D:2)
  3 kobolds (D:1)
  3 rats
40 creatures vanquished.

Notes
Turn   | Place    | Note
-------+----------+-------------------------------------------
     0 | D:1      | Kingkept the Tengu Air Elementalist began the quest for the Orb.
     0 | D:1      | Reached XP level 1. HP: 10/10 MP: 4/4
   339 | D:1      | Reached XP level 2. HP: 10/16 MP: 0/6
   440 | D:1      | Reached skill level 1 in Armour
   558 | D:1      | Reached skill level 1 in Fighting
   967 | D:2      | Reached XP level 3. HP: 7/20 MP: 5/7
  1626 | D:2      | Found an iron altar of Okawaru.
  1630 | D:2      | Reached XP level 4. HP: 26/26 MP: 5/8
  1697 | D:2      | Became a worshipper of Warmaster Okawaru
  2628 | D:3      | Mangled by a gnoll

Vault maps used:
D:1:      lightli_arrival_farm, st_stairs_7
D:2:      kennysheep_okawaru_gauntlet, first_ration, serial_bayou_lake_a
D:3:      lemuel_round_altar, uniq_grinder

Skill      XL: |  1  2  3  4 |
---------------+-------------+-----
Armour         | 1 2 |  2.4
Fighting       | 1 2 |  2.1
Dodging        | 3 |  3.4
Maces & Flails | |  0.4
Stealth        | |  2.0
Spellcasting   | |  2.0
Conjurations   | |  1.3
Air Magic      | |  4.0
Invocations    | |  0.6

Action                   |  1- 3 |  4- 6 || total
-------------------------+-------+-------++-------
Melee: Unarmed           |     5 |       ||     5
       Kick              |     9 |    15 ||    24
       Club              |    59 |    72 ||   131
       Peck              |    13 |     7 ||    20
 Cast: Shock             |    39 |     5 ||    44
  Use: Scroll            |       |     3 ||     3
 Stab: Sleeping          |     1 |       ||     1
  Eat: Chunk             |     3 |     4 ||     7
Armor: Robe              |     2 |       ||     2
       Ring mail         |    34 |    32 ||    66
Dodge: Dodged            |    35 |    43 ||    78
       Deflected         |     2 |       ||     2

Table legend:
 A = Spawn XP
 B = Non-spawn XP
 C = Spawn XP percentage of total XP
 D = Spawn monster count
 E = Non-spawn monster count
 F = Spawn count percentage of total count
 G = Total turns spent on level
                    A         B        C        D         E        F      G
               +---------+---------+-------+---------+---------+-------+---------
         Total |       0 |     154 |   0.0 |       0 |      40 |   0.0 |  2628
               +---------+---------+-------+---------+---------+-------+---------
           D:1 |       0 |      27 |   0.0 |       0 |      12 |   0.0 |   853
           D:2 |       0 |      70 |   0.0 |       0 |      18 |   0.0 |  1412
           D:3 |       0 |      57 |   0.0 |       0 |      10 |   0.0 |   363
               +---------+---------+-------+---------+---------+-------+---------
